 Dungeon Crawl Stone Soup version 0.29.0-15-g675c0067aa (webtiles) character file.

Game seed: 15317640367002010975

933 qw the Cleaver (level 7, 0/62 HPs)
             Began as a Minotaur Berserker on Sept 12, 2022.
             Was a Priest of Trog.
             Slain by a gnoll
             ... wielding a +0 whip
             ... led by a gnoll bouda
              (4 damage)
             ... on level 5 of the Dungeon.
             The game lasted 00:01:33 (4718 turns).

qw the Cleaver (Minotaur Berserker)                 Turns: 4718, Time: 00:01:33

Health: 0/62       AC:  7    Str: 24    XL:     7   Next: 86%
Magic:  6/6        EV: 10    Int: 10    God:    Trog [***...]
Gold:   122        SH:  0    Dex:  9    Spells: 6/6 levels left

rFire   . . .      SeeInvis .   Y - +2 war axe
rCold   . . .      Faith    .   (no shield)
rNeg    . . .      Spirit   .   a - +0 scale mail
rPois   .          Reflect  .   (helmet restricted)
rElec   .          Harm     .   (no cloak)
rCorr   .          Rampage  .   (no gloves)
Will    .....                   d - +0 pair of boots
Stlth   ..........              (no amulet)
HPRegen 0.20/turn               n - +6 ring of intelligence
MPRegen 0.10/turn               (no ring)

@: on berserk cooldown, slowed, very slow
A: horns 2, retaliatory headbutt
a: Renounce Religion, Berserk, Trog's Hand


You were on level 5 of the Dungeon.
You worshipped Trog.
Trog was most pleased with you.
You visited 1 branch of the dungeon, and saw 5 of its levels.

You collected 162 gold pieces.
You spent 40 gold pieces at shops.


Innate Abilities, Weirdness & Mutations

You have a pair of horns on your head.
You reflexively headbutt those who attack you in melee.


   Skills:
 + Level 5.7 Fighting
 - Level 10.0 Axes
 - Level 2.3 Throwing
 - Level 2.4 Armour
 - Level 2.1 Dodging


You had 6 spell levels left.
You didn't know any spells.
Your spell library was empty.

Inventory:

Hand Weapons
 f - a +0 flail
 Y - a +2 war axe (weapon)
Missiles
 p - a javelin (quivered)
Armour
 a - a +0 scale mail (worn)
 d - a +0 pair of boots (worn)
Jewellery
 h - a ring of see invisible
 n - a +6 ring of intelligence (left hand)
Scrolls
 j - a scroll of acquirement {unknown}
 k - 2 scrolls of identify
Potions
 b - a potion of haste
 c - 2 potions of curing
 e - a potion of mutation
 g - a potion of might
 i - a potion of heal wounds {unknown}
 l - a potion of invisibility {unknown}
 o - a potion of ambrosia {unknown}

Dungeon Overview and Level Annotations

Branches:
Dungeon (5/15)             Temple (0/1) D:5

Altars:
Elyvilon
Vehumet

Shops:
D:4 ?


Message History

A gnoll comes into view. It is wielding a +0 whip.
The gnoll hits you with a +0 spear.
The gnoll bouda hits something but does no damage.
The gnoll hits you with a +0 whip.
You struggle against the net.
You feel a strong urge to attack something.
The gnoll shouts!
You struggle against the net.
The gnoll completely misses you. The gnoll barely misses you.
You furiously retaliate!
You headbutt the gnoll!
You kill the gnoll!
Trog accepts your kill.
The gnoll hits you from afar with a +0 halberd!
You struggle against the net.
You feel your anger nearly subside. The gnoll completely misses you.
The gnoll hits you but does no damage.
You struggle against the net.
You are no longer berserk.
You are exhausted.
You feel yourself slow down.
You rip the net and break free!
Your attacks no longer feel as feeble.
The gnoll hits you but does no damage. The gnoll closely misses you. x2
The gnoll completely misses the bush.
The gnoll hits you with a +0 whip.
You slash the gnoll bouda!
You headbutt the gnoll bouda, but do no damage.
The gnoll bouda is heavily wounded.
You hit the bush. You barely miss the gnoll. You hit the bush but do no damage.
The gnoll hits you from afar with a +0 halberd!
The gnoll hits the bush with a +0 whip.
The gnoll hits you from afar with a +0 spear.
The gnoll hits you but does no damage. The gnoll closely misses you.
The gnoll hits the bush but does no damage.
The gnoll hits you but does no damage.
You slash the gnoll bouda!
You kill the gnoll bouda!
Trog accepts your kill.
You hit the gnoll. You hit the bush but do no damage. x2
The gnoll hits you with a +0 whip.
You die... #.....# #.# PPP.

.##.###.# #.#
...P.##.# #.# #.# # P.
_.$P.##.###.###.# #.P.
..P.##.......[.#
#.P.PPP.P.######)###.#
#......ggg## #.# #.#
#.PPPPPPP).#####.#
#.####
#.......@g.......#
#.....
#.#.#..##########
#####. #.....## #.
###.### #. #.# #.
#.### #. #...# #####
#. ###.#
#...###########.
###.###.#.............


You could see 4 gnolls.

Vanquished Creatures
  An ogre (D:4)
  2 phantoms (D:4)
  A centaur (D:5)
  2 scorpions
  A gnoll bouda (D:5)
  Natasha (thrice) (D:4)
  3 iguanas
  4 orc wizards
  4 adders
  10 gnolls
  3 ufetubi
  2 worms
  2 dart slugs (D:1)
  7 orcs
  7 bats
  4 endoplasms
  2 giant cockroaches
  7 goblins
  7 hobgoblins
  9 jackals (D:2)
  4 quokkas
  6 ball pythons
  9 frilled lizards
  5 kobolds (D:2)
  4 rats
109 creatures vanquished.

Notes
Turn   | Place    | Note
-------+----------+-------------------------------------------
     0 | D:1      | qw the Minotaur Berserker began the quest for the Orb.
     0 | D:1      | Reached XP level 1. HP: 19/19 MP: 0/0
     0 | D:1      | 0 ||| qw: Version: 0.1-a-119-g272c26d
     0 | D:1      | 0 ||| qw: Game counter: 10993
     0 | D:1      | 0 ||| qw: Always use a shield: true
     0 | D:1      | 0 ||| qw: Do Orc after D:15 true
     0 | D:1      | 0 ||| qw: Do second Lair branch before Depths: true
     0 | D:1      | 0 ||| qw: Lair rune preference: random
     0 | D:1      | 0 ||| qw: Plans: Normal
     0 | D:1      | 0 ||| PLANNING D:1-11
    85 | D:1      | Reached skill level 4 in Axes
   187 | D:1      | Reached XP level 2. HP: 26/26 MP: 1/1
   212 | D:1      | 212 ||| INVOKING Berserk.
   492 | D:1      | Found a faded altar of an unknown god.
   609 | D:1      | Reached skill level 5 in Axes
   614 | D:1      | 614 ||| Stepping ~*~*~tactically~*~*~ (stealth).
   615 | D:1      | 615 ||| Stepping ~*~*~tactically~*~*~ (stealth).
   620 | D:1      | 620 ||| Stepping ~*~*~tactically~*~*~ (stealth).
   622 | D:1      | 622 ||| Stepping ~*~*~tactically~*~*~ (stealth).
   623 | D:1      | 623 ||| Stepping ~*~*~tactically~*~*~ (stealth).
   624 | D:1      | 624 ||| Stepping ~*~*~tactically~*~*~ (stealth).
   625 | D:1      | 625 ||| Stepping ~*~*~tactically~*~*~ (stealth).
   626 | D:1      | 626 ||| Stepping ~*~*~tactically~*~*~ (stealth).
   650 | D:1      | 650 ||| Stepping ~*~*~tactically~*~*~ (stealth).
   653 | D:1      | 653 ||| Stepping ~*~*~tactically~*~*~ (stealth).
   655 | D:1      | 655 ||| Stepping ~*~*~tactically~*~*~ (stealth).
   663 | D:1      | Reached XP level 3. HP: 28/31 MP: 2/2
   829 | D:1      | 829 ||| UPGRADING to +0 pair of boots.
   834 | D:1      | 834 ||| UPGRADING to +0 leather armour.
   844 | D:1      | 844 ||| DROPPING +0 animal skin.
   845 | D:1      | 845 ||| READING scroll labelled FEBEUJUPHI.
   846 | D:1      | 846 ||| READING 2 scrolls labelled XAEMMEITANY.
   847 | D:1      | 847 ||| DRINKING 2 glowing cyan potions.
   853 | D:2      | 853 ||| STAIRDANCE
   918 | D:2      | 918 ||| Stepping ~*~*~tactically~*~*~ (stealth).
   972 | D:2      | 972 ||| Stepping ~*~*~tactically~*~*~ (stealth).
   973 | D:2      | 973 ||| Stepping ~*~*~tactically~*~*~ (stealth).
   974 | D:2      | 974 ||| Stepping ~*~*~tactically~*~*~ (stealth).
   982 | D:2      | Reached ** piety under Trog
  1024 | D:2      | 1024 ||| Stepping ~*~*~tactically~*~*~ (stealth).
  1026 | D:2      | 1026 ||| Stepping ~*~*~tactically~*~*~ (stealth).
  1088 | D:2      | Reached XP level 4. HP: 39/39 MP: 3/3
  1279 | D:2      | 1279 ||| Stepping ~*~*~tactically~*~*~ (hiding).
  1283 | D:2      | 1283 ||| INVOKING Berserk.
  1286 | D:2      | Reached skill level 1 in Throwing
  1288 | D:2      | Reached skill level 6 in Axes
  1291 | D:2      | 1291 ||| Stepping ~*~*~tactically~*~*~ (stealth).
  1344 | D:2      | 1344 ||| Stepping ~*~*~tactically~*~*~ (stealth).
  1345 | D:2      | 1345 ||| Stepping ~*~*~tactically~*~*~ (stealth).
  1347 | D:2      | 1347 ||| INVOKING Berserk.
  1462 | D:2      | 1462 ||| DROPPING +0 club.
  1896 | D:2      | You fall into a shaft and drop 1 floor!
  2156 | D:3      | 2156 ||| UPGRADING to +6 ring of intelligence.
  2157 | D:3      | 2157 ||| READING scroll labelled ZEANUO FALEI.
  2158 | D:3      | 2158 ||| DRINKING 2 purple potions.
  2159 | D:3      | 2159 ||| DRINKING 2 grey potions.
  2160 | D:3      | 2160 ||| DROPPING potion of flight.
  2164 | D:3      | 2164 ||| Stepping ~*~*~tactically~*~*~ (hiding).
  2165 | D:3      | 2165 ||| Stepping ~*~*~tactically~*~*~ (hiding).
  2169 | D:3      | 2169 ||| INVOKING Berserk.
  2175 | D:3      | Reached XP level 5. HP: 45/45 MP: 4/4
  2373 | D:2      | 2373 ||| UPGRADING to +0 ring mail.
  2383 | D:2      | 2383 ||| DROPPING +0 leather armour.
  2563 | D:3      | Reached skill level 7 in Axes
  2572 | D:3      | 2572 ||| SWAPPING to +0 war axe.
  2574 | D:3      | 2574 ||| Stepping ~*~*~tactically~*~*~ (stealth).
  2575 | D:3      | 2575 ||| INVOKING Berserk.
  2634 | D:3      | 2634 ||| DROPPING +0 hand axe.
  2636 | D:3      | 2636 ||| DROPPING +0 whip.
  2784 | D:3      | Reached XP level 6. HP: 52/52 MP: 5/5
  2972 | D:3      | 2972 ||| READING scroll labelled WUOGGAV AMNEA.
  2973 | D:3      | 2973 ||| READING 2 scrolls of identify.
  2973 | D:3      | 2973 ||| IDENTIFYING sedimented blue potion
  2974 | D:3      | 2974 ||| DROPPING potion of attraction.
  3028 | D:4      | Noticed Natasha
  3029 | D:4      | 3029 ||| PLANNING OSSUARY
  3029 | D:4      | 3029 ||| Stepping ~*~*~tactically~*~*~ (hiding).
  3031 | D:4      | Found Voath's Magic Scroll Boutique.
  3032 | D:4      | 3032 ||| INVOKING Berserk.
  3034 | D:4      | Killed Natasha
  3035 | D:4      | Reached skill level 8 in Axes
  3164 | D:4      | 3164 ||| SHOPLISTING scroll of enchant armour (75 gold,
                  | have 62).
  3164 | D:4      | 3164 ||| BUYING scroll of identify (20 gold).
  3164 | D:4      | Bought a scroll of identify for 20 gold pieces
  3164 | D:4      | 3164 ||| BUYING scroll of identify (20 gold).
  3164 | D:4      | Bought a scroll of identify for 20 gold pieces
  3177 | D:4      | Noticed Natasha
  3178 | D:4      | 3178 ||| Stepping ~*~*~tactically~*~*~ (stealth).
  3180 | D:4      | 3180 ||| Stepping ~*~*~tactically~*~*~ (hiding).
  3181 | D:4      | 3181 ||| Stepping ~*~*~tactically~*~*~ (hiding).
  3184 | D:4      | 3184 ||| INVOKING Berserk.
  3187 | D:4      | Killed Natasha
  3307 | D:4      | Noticed Natasha
  3308 | D:4      | 3308 ||| Stepping ~*~*~tactically~*~*~ (stealth).
  3309 | D:4      | 3309 ||| Stepping ~*~*~tactically~*~*~ (stealth).
  3371 | D:4      | 3371 ||| INVOKING Berserk.
  3580 | D:4      | Found a sand-covered staircase.
  3581 | D:4      | 3581 ||| READING scroll labelled WAEZ LUTEUROZ.
  3594 | D:4      | Reached *** piety under Trog
  3639 | D:4      | 3639 ||| RIP OSSUARY
  3737 | D:4      | 3737 ||| PLANNING D:1-11
  3776 | D:4      | 3776 ||| INVOKING Berserk.
  3778 | D:4      | Reached skill level 9 in Axes
  3789 | D:4      | 3789 ||| Stepping ~*~*~tactically~*~*~ (stealth).
  3796 | D:4      | 3796 ||| Stepping ~*~*~tactically~*~*~ (stealth).
  3797 | D:4      | 3797 ||| Stepping ~*~*~tactically~*~*~ (stealth).
  3802 | D:4      | Killed Natasha
  3803 | D:4      | Reached XP level 7. HP: 52/59 MP: 6/6
  4146 | D:4      | 4146 ||| READING scroll of enchant weapon.
  4146 | D:4      | 4146 ||| ENCHANTING +1 war axe.
  4147 | D:4      | 4147 ||| UPGRADING to +0 scale mail.
  4157 | D:4      | 4157 ||| DROPPING +0 ring mail.
  4158 | D:4      | 4158 ||| READING scroll labelled IKHYSE RUATIMI.
  4159 | D:4      | 4159 ||| READING 5 scrolls of identify.
  4159 | D:4      | 4159 ||| IDENTIFYING fuming purple potion
  4160 | D:4      | 4160 ||| READING 4 scrolls of identify.
  4160 | D:4      | 4160 ||| IDENTIFYING clear potion
  4161 | D:4      | 4161 ||| READING 3 scrolls of identify.
  4161 | D:4      | 4161 ||| IDENTIFYING viscous emerald potion
  4162 | D:4      | 4162 ||| READING 2 scrolls of identify.
  4162 | D:4      | 4162 ||| IDENTIFYING dark potion
  4163 | D:4      | 4163 ||| DROPPING potion of degeneration.
  4164 | D:4      | 4164 ||| DROPPING potion of brilliance.
  4165 | D:4      | 4165 ||| Stepping randomly (stuck).
  4166 | D:4      | 4166 ||| Stepping ~*~*~tactically~*~*~ (cloud).
  4293 | D:5      | Entered Level 5 of the Dungeon
  4294 | D:5      | 4294 ||| Stepping ~*~*~tactically~*~*~ (hiding).
  4343 | D:5      | 4343 ||| DRINKING 3 potions of curing.
  4343 | D:5      | 4343 ||| (to cure confusion)
  4351 | D:5      | 4351 ||| FLEEEEING.
  4355 | D:5      | 4355 ||| STAIRDANCE
  4442 | D:5      | Reached skill level 10 in Axes
  4481 | D:5      | Found a staircase to the Ecumenical Temple.
  4498 | D:5      | Found a radiant altar of Vehumet.
  4531 | D:5      | 4531 ||| Stepping ~*~*~tactically~*~*~ (hiding).
  4532 | D:5      | 4532 ||| Stepping ~*~*~tactically~*~*~ (hiding).
  4533 | D:5      | 4533 ||| Stepping ~*~*~tactically~*~*~ (hiding).
  4534 | D:5      | 4534 ||| Stepping ~*~*~tactically~*~*~ (hiding).
  4700 | D:5      | 4700 ||| Stepping ~*~*~tactically~*~*~ (hiding).
  4704 | D:5      | Found a white marble altar of Elyvilon.
  4711 | D:5      | 4711 ||| INVOKING Berserk.
  4713 | D:5      | HP: 21/91 [gnoll/+0 halberd[a gnoll bouda] (9)]
  4717 | D:5      | HP: 5/62 [gnoll/+0 halberd[a gnoll bouda] (8)]
  4718 | D:5      | Slain by a gnoll

Levels and vault maps discovered:
D:1:      dpeg_arrival_round_c, layout_rooms,
          hellmonk_ecumenical_altar_leap_of_faith
D:2:      layout_basic, grunt_ministairs_6
D:3:      layout_basic, minmay_splitting_lines, st_stairs_8
D:4:      layout_rooms, serial_shops, shop, nicolae_ossuary_entry_ruins,
          uniq_natasha
D:5:      layout_loops_ring, general_overflow_altar,
          mainiacjoe_overflow_cross_hatched, minmay_temple_entry_hall

Skill      XL: |  1  2  3  4  5  6  7 |
---------------+----------------------+-----
Axes           | 4 5 6 7 9 10 | 10.0
Throwing       | 1 2 |  2.3
Fighting       | 4 5 |  5.7
Armour         | |  2.4
Dodging        | |  2.1

Action                   |  1- 3 |  4- 6 |  7- 9 || total
-------------------------+-------+-------+-------++-------
Melee: Hand axe          |    77 |    54 |       ||   131
       Headbutt          |     8 |    15 |     7 ||    30
       War axe           |       |    57 |    41 ||    98
       Punch             |       |     1 |       ||     1
Throw: Javelin           |     4 |    27 |     1 ||    32
       Boomerang         |       |     2 |       ||     2
Invok: Berserk           |     1 |     8 |     1 ||    10
  Use: Scroll            |     2 |     4 |     6 ||    12
       Potion            |     1 |     2 |     1 ||     4
Armor: Animal skin       |     4 |       |       ||     4
       Leather armour    |     5 |    16 |       ||    21
       Ring mail         |       |    15 |     4 ||    19
       Scale mail        |       |       |    19 ||    19
Dodge: Dodged            |    45 |    47 |    25 ||   117

Table legend:
 A = Non-vault XP
 B = Vault XP
 C = Vault XP percentage of total XP
 D = Non-vault monster count
 E = Vault monster count
 F = Vault count percentage of total count
                 A         B        C        D         E       F
            +---------+---------+-------+---------+---------+-------
      Total |    1286 |      87 |   6.3 |     105 |       4 |   3.7
            +---------+---------+-------+---------+---------+-------
        D:1 |      44 |       0 |   0.0 |      23 |       0 |   0.0
        D:2 |     125 |      15 |  10.7 |      35 |       2 |   5.4
        D:3 |     173 |      36 |  17.2 |      16 |       1 |   5.9
        D:4 |     546 |      36 |   6.2 |      19 |       1 |   5.0
        D:5 |     398 |       0 |   0.0 |      12 |       0 |   0.0
            +---------+---------+-------+---------+---------+-------
